 Dungeon Crawl Stone Soup version 0.23-a0-677-g07611c5 (webtiles) character file.

239 MalarOregon the Chiller (level 6, -11/43 HPs)
             Began as a Merfolk Ice Elementalist on Jan 9, 2019.
             Mangled by Menkaure (18 damage)
             ... on level 4 of the Dungeon.
             The game lasted 00:07:49 (4393 turns).

MalarOregon the Chiller (Merfolk Ice Elementalist)  Turns: 4393, Time: 00:07:50

Health: -11/43     AC:  6    Str:  9    XL:     6   Next: 7%
Magic:  10/10      EV: 14    Int: 16    God:
Gold:   183        SH:  0    Dex: 14    Spells: 10/11 levels left

rFire    . . .     SeeInvis .   m - +0 trident
rCold    . . .     Gourm    .   (no shield)
rNeg     . . .     Faith    .   r - +2 robe {MR+}
rPois    +         Spirit   .   (no helmet)
rElec    .         Reflect  .   (no cloak)
rCorr    .         Harm     .   (no gloves)
MR       +....                  v - +1 pair of boots {run}
Stlth    ++........             (no amulet)
HPRegen  0.14/turn              l - ring of poison resistance
MPRegen  0.12/turn              b - +1 ring of evasion

@: quick
A: change form in water, swift swim, stealthy swim
a: no special abilities


You were on level 4 of the Dungeon.
You were not hungry.

You visited 1 branch of the dungeon, and saw 4 of its levels.

You collected 183 gold pieces.

Inventory:

Hand Weapons
 m - a +0 trident (weapon)
   (You took it off an orc on level 3 of the Dungeon)
Missiles
 f - 120 stones (quivered)
Armour
 r - a +2 robe of magic resistance (worn)
   (You took it off an orc wizard on level 3 of the Dungeon)
 v - a +1 pair of boots of running (worn)
   (You found it on level 3 of the Dungeon)
Jewellery
 b - a +1 ring of evasion (right hand)
   (You found it on level 2 of the Dungeon)
 l - a ring of poison resistance (left hand)
   (You found it on level 2 of the Dungeon)
 s - an uncursed ring of positive energy
   (You took it off an orc wizard on level 3 of the Dungeon)
Scrolls
 c - 3 scrolls of teleportation {unknown}
 d - 2 scrolls of immolation {unknown}
 g - a scroll of fear {unknown}
 i - 3 scrolls of identify {@r1}
 k - a scroll of enchant armour {unknown}
 n - a scroll of magic mapping {unknown}
 o - a scroll of remove curse {unknown}
Potions
 a - 2 potions of brilliance {unknown}
 h - a potion of curing {@q1}
 j - a potion of magic
 q - a potion of degeneration {unknown}
 t - a potion of haste {unknown}
 u - a potion of lignification {unknown}
Comestibles
 e - 4 rations {!d}
 p - 2 chunks of flesh


   Skills:
 - Level 1.0 Fighting
 + Level 3.5 Polearms
 + Level 2.4 Throwing
 - Level 3.0 Dodging
 - Level 2.1 Stealth
 + Level 3.2 Spellcasting
   Level 0.7 Conjurations
 + Level 4.5 Ice Magic


You had 10 spell levels left.
You knew the following spells:

 Your Spells              Type           Power        Failure   Level  Hunger
a - Freeze                Ice            ###.         2%          1    None

Your spell library contained the following spells:

 Spells                   Type           Power        Failure   Level  Hunger
 Throw Frost              Conj/Ice       ##....       10%         2    ##.....
 Ozocubu's Armour         Chrm/Ice       #.......     22%         3    ###....
 Throw Icicle             Conj/Ice       ##......     52%         4    ####...
 Summon Ice Beast         Ice/Summ       #.......     56%         4    ####...


Dungeon Overview and Level Annotations

Branches:
Dungeon (4/15)
 Temple: D:4-7

Altars:
Wu Jian

Annotations:
D:4 Menkaure


Message History

No target in view!
No target in view!
You now have 153 gold pieces (gained 25).
You butcher the orc corpse.
p - 7 chunks of flesh (gained 1)
Items here: )) [[ ÷ a +0 dagger; a +0 leather armour; a +0 mace; a +0 leather armour an orc skeleton
Items here: )) [[ ÷ a +0 dagger; a +0 leather armour; a +0 mace; a +0 leather armour an orc skeleton
f - 120 stones (gained 23)
You see here a +0 leather armour.
c - 3 scrolls labeled OFITONNIYMN (gained 1)
You now have 162 gold pieces (gained 9).
d - 2 scrolls labeled GIAFANW KEELL (gained 1)
You now have 183 gold pieces (gained 21).
Some of the chunks of flesh in your inventory have rotted away.
You see here a jackal skeleton.
Menkaure, Prince of Dust comes into view.
Attack whom?
Aim: Menkaure (resting)
You reach to attack!
The helpless Menkaure fails to defend himself.
You hit Menkaure. You barely miss Menkaure.
Menkaure mumbles some strange words.
Menkaure seems to speed up.
You hit Menkaure. Menkaure hits you but does no damage.
You puncture Menkaure! Menkaure hits you.
Menkaure calls on the powers of darkness!
Your body is wracked with pain!
* * * LOW HITPOINT WARNING * * *
You are too injured to fight recklessly!
Unknown command.
You hit Menkaure. Menkaure barely misses you.
You barely miss Menkaure. Menkaure misses you. Menkaure closely misses you.
Some of the chunks of flesh in your inventory have rotted away.
You hit Menkaure. Menkaure completely misses you.
You barely miss Menkaure.
Menkaure calls on the powers of darkness!
Your body is wracked with pain!
* * * LOW HITPOINT WARNING * * *
You barely miss Menkaure. Menkaure closely misses you.
Menkaure calls on the powers of darkness!
Your body is wracked with pain!
* * * LOW HITPOINT WARNING * * *
You hit Menkaure. Menkaure misses you.
You hit Menkaure but do no damage. Menkaure hits you!!
You die...

#.......#
#.......# ##
#.......# ..
#.......# .#
#.......# .#
#.......# .#
##..÷...# .#
###.########M#
#........@.#
#..##.#.####
########..##.#.#
.....<)[.....#.#
########..####.#
##.....<.#
#...###### #...#
#...#


You could see Menkaure.

Vanquished Creatures
  An orc priest (D:4)
  A bullfrog skeleton (D:4)
  Terence (D:2)
  An orc wizard (D:3)
  5 adders
  An ooze (D:2)
  A worm (D:3)
  3 leopard geckos
  9 orcs
  2 giant cockroaches
  11 goblins
  8 hobgoblins
  2 jackals (D:4)
  A ball python (D:3)
  8 bats
  5 frilled lizards
  6 kobolds
  9 rats
75 creatures vanquished.

Notes
Turn   | Place    | Note
-------+----------+-------------------------------------------
     0 | D:1      | MalarOregon the Merfolk Ice Elementalist began the quest
                  | for the Orb.
     0 | D:1      | Reached XP level 1. HP: 13/13 MP: 3/3
   478 | D:1      | Reached XP level 2. HP: 20/20 MP: 5/5
   949 | D:1      | Reached skill level 1 in Fighting
  1491 | D:2      | Reached XP level 3. HP: 25/26 MP: 4/6
  1573 | D:2      | Reached skill level 1 in Polearms
  1864 | D:2      | Reached skill level 1 in Throwing
  2181 | D:2      | Reached XP level 4. HP: 25/32 MP: 4/7
  2182 | D:2      | Noticed Terence
  2251 | D:2      | Killed Terence
  2251 | D:2      | Reached skill level 4 in Ice Magic
  2839 | D:3      | Found an ornate altar of the Wu Jian Council.
  3754 | D:3      | Reached XP level 5. HP: 24/37 MP: 4/9
  4039 | D:3      | Identified a +1 pair of boots of running (You found it on
                  | level 3 of the Dungeon)
  4336 | D:4      | Reached XP level 6. HP: 29/43 MP: 7/10
  4382 | D:4      | Noticed Menkaure
  4393 | D:4      | Mangled by Menkaure

Vault maps used:
D:1:      minmay_arrival_solitary_statue
D:2:      first_ration, uniq_terence
D:3:      lemuel_doored_altar
D:4:      makhleb_grotto_becter, kennysheep_little_box, kennysheep_mini_moat,
          uniq_menkaure

Skill      XL: |  1  2  3  4  5 |
---------------+----------------+-----
Dodging        | 3 |  3.0
Fighting       | 1 |  1.0
Polearms       | 1 2 3 |  3.5
Throwing       | 1 2 |  2.4
Ice Magic      | 4 |  4.5
Spellcasting   | 3 |  3.2
Stealth        | |  2.1
Conjurations   | |  0.7

Action                   |  1- 3 |  4- 6 || total
-------------------------+-------+-------++-------
Melee: Unarmed           |    22 |       ||    22
       Dagger            |    14 |       ||    14
       Spear             |    41 |    28 ||    69
       Trident           |       |    93 ||    93
Throw: Stone             |     4 |    15 ||    19
 Cast: Freeze            |    42 |    35 ||    77
  Use: Scroll            |       |     2 ||     2
 Stab: Sleeping          |     9 |     4 ||    13
  Eat: Chunk             |     5 |     7 ||    12
Armor: Robe              |    15 |    26 ||    41
Dodge: Dodged            |    74 |    95 ||   169

Table legend:
 A = Non-vault XP
 B = Vault XP
 C = Vault XP percentage of total XP
 D = Non-vault monster count
 E = Vault monster count
 F = Vault count percentage of total count
                 A         B        C        D         E       F
            +---------+---------+-------+---------+---------+-------
      Total |     306 |      36 |  10.5 |      74 |       1 |   1.3
            +---------+---------+-------+---------+---------+-------
        D:1 |      28 |       0 |   0.0 |      20 |       0 |   0.0
        D:2 |      68 |      36 |  34.6 |      22 |       1 |   4.3
        D:3 |     116 |       0 |   0.0 |      25 |       0 |   0.0
        D:4 |      94 |       0 |   0.0 |       7 |       0 |   0.0
            +---------+---------+-------+---------+---------+-------
